 Dungeon Crawl Stone Soup version 0.24.0-13-gcf9b3192b9 (webtiles) character file.

Game seed: 18070053122353645223, levelgen mode: deterministic

112 Iamsoldier the Skirmisher (level 4, -2/35 HPs)
             Began as a Gargoyle Fighter on Nov 5, 2019.
             Killed from afar by a raiju (5 damage)
             ... with a living lightning
             ... on level 1 of the Abyss.
             The game lasted 00:05:46 (2462 turns).

Iamsoldier the Skirmisher (Gargoyle Fighter)        Turns: 2462, Time: 00:05:46

Health: -2/35      AC: 11    Str: 19 (21) XL:     4   Next: 93%
Magic:  4/4        EV:  7    Int:  6 (8)  God:
Gold:   101        SH:  9    Dex:  8 (9)  Spells: 3/3 levels left

rFire    . . .     SeeInvis .   a - +0 flail
rCold    . . .     Gourm    .   c - +0 shield
rNeg     + . .     Faith    .   b - +0 scale mail
rPois    ∞         Spirit   .   (no helmet)
rElec    +         Reflect  .   (no cloak)
rCorr    .         Harm     .   (no gloves)
MR       .....                  (no boots)
Stlth    ..........             (no amulet)
HPRegen  0.11/turn              m - ring of attention (curse)
MPRegen  0.09/turn              (no ring)

@: no status effects
A: negative energy resistance 1, electricity resistance, unbreathing,
petrification resistance, rot immunity, AC +3
a: no special abilities


You were on level 1 of the Abyss.
You were hungry.

You visited 1 branch of the dungeon, and saw 2 of its levels.
You visited the Abyss 1 time.

You collected 101 gold pieces.

Inventory:

Hand Weapons
 a - a +0 flail (weapon)
Armour
 b - a +0 scale mail (worn)
 c - a +0 shield (worn)
Jewellery
 m - a cursed ring of attention (left hand)
Wands
 d - a wand of polymorph (15)
Scrolls
 e - a scroll of amnesia
 i - a scroll of remove curse {unknown}
 j - a scroll of teleportation {unknown}
 l - 2 scrolls of identify {unknown}
 o - a scroll of fear {unknown}
Comestibles
 f - 2 rations


   Skills:
 * Level 7.7 Fighting
 * Level 6.7 Maces & Flails
 + Level 5.8 Armour
 + Level 5.8 Shields


You had 3 spell levels left.
You didn't know any spells.
Your spell library was empty.

Dungeon Overview and Level Annotations

Branches:
Dungeon (2/15)

Altars:

Annotations:
D:2 Sigmund


Innate Abilities, Weirdness & Mutations

You are resistant to torment.
Your stone body is resilient. (AC +3)
You are immune to poison.
You resist negative energy. (rN+)
You are resistant to electric shocks. (rElec)
You can survive without breathing.
You are immune to petrification.
You are immune to rotting.


Message History

A raiju comes into view.
The raiju bursts into living lightning!
The living lightning hits the raiju.
The raiju completely resists.
The living lightning hits you. You resist.
The raiju blinks!
The raiju bursts into living lightning!
The living lightning hits you. You resist.
* * * LOW HITPOINT WARNING * * *
The raiju blinks!
The neqoxec shouts!
The raiju bites you but does no damage.
A starcursed mass comes into view.
The neqoxec gestures.
The raiju bursts into living lightning!
The living lightning hits you. You resist.
* * * LOW HITPOINT WARNING * * *
The raiju blinks!
The shadow imp shouts, "Flee, thou frothy fool-headed pumpion!"
A starcursed mass splits.
The raiju bursts into living lightning!
The living lightning misses you. The living lightning hits you. You resist.
You die...

.####... . ..
##......... #
...#......
##.##... .####
#.##..####.#X.
# ..##....#.X#
####..#.3...###
#...#.........#
# ..... #.@..##
#
##....###h.#.#
#...#.#....##
##.(##.##.## ##
#....##.#
#...h#..# .#
##....### ..
#.#h#.# ...
...#..#.# .#.


You could see 2 starcursed masses, 3 raiju and a neqoxec.

Vanquished Creatures
  An ooze (D:1)
  A worm (D:2)
  A dart slug (D:2)
  2 leopard geckos
  3 giant cockroaches (D:1)
  5 goblins
  6 hobgoblins (D:1)
  A quokka (D:2)
  6 bats
  4 frilled lizards
  7 kobolds (D:1)
  9 rats
46 creatures vanquished.

Notes
Turn   | Place    | Note
-------+----------+-------------------------------------------
     0 | D:1      | Iamsoldier the Gargoyle Fighter began the quest for the
                  | Orb.
     0 | D:1      | Reached XP level 1. HP: 14/14 MP: 1/1
    33 | D:1      | Reached XP level 2. HP: 14/19 MP: 2/2
   370 | D:1      | Reached XP level 3. HP: 23/24 MP: 3/3
   899 | D:2      | Reached skill level 4 in Fighting
  1214 | D:2      | Noticed Sigmund
  1219 | D:2      | HP: 1/24 [Sigmund/+2 scythe of distortion (2)]
  1731 | D:2      | Reached skill level 7 in Fighting
  1731 | D:2      | Reached skill level 5 in Armour
  1731 | D:2      | Reached skill level 5 in Shields
  1731 | D:2      | Reached XP level 4. HP: 35/35 MP: 4/4
  2427 | D:2      | Cast into level 1 of the Abyss (Sigmund)
  2454 | Abyss:1  | Noticed a neqoxec
  2454 | Abyss:1  | Noticed a raiju
  2456 | Abyss:1  | Noticed a raiju
  2459 | Abyss:1  | Noticed a raiju
  2461 | Abyss:1  | Noticed a starcursed mass
  2462 | Abyss:1  | Killed from afar by a raiju

Levels and vault maps discovered:
D:1:      sevenhm_arrival_forest_fort_large_4, layout_basic
D:2:      mumra_celtic_spiral_tile, layout_basic, first_ration, uniq_sigmund
Abyss:1

Skill      XL: |  1  2  3 |
---------------+----------+-----
Fighting       | 7 |  7.7
Maces & Flails | 6 |  6.7
Armour         | 5 |  5.8
Shields        | 5 |  5.8

Action                   |  1- 3 |  4- 6 || total
-------------------------+-------+-------++-------
Melee: Flail             |   172 |    16 ||   188
  Use: Potion            |     5 |       ||     5
       Scroll            |       |     2 ||     2
  Eat: Chunk             |     1 |       ||     1
       Ration            |       |     1 ||     1
Armor: Scale mail        |    84 |     7 ||    91
Dodge: Dodged            |    52 |     6 ||    58
Block: Shield            |    75 |     4 ||    79
